 Dungeon Crawl Stone Soup version 0.18-a0-1155-g296dcbc (console) character file.

168 FIQ the Skirmisher (level 5, -12/48 HPs)
             Began as a Hill Orc Monk on Jan 23, 2016.
             Mangled by an ogre
             ... wielding a cursed -1 giant club
              (15 damage)
             ... on level 4 of the Dungeon.
             The game lasted 00:07:07 (2693 turns).

FIQ the Skirmisher (Hill Orc Monk)                  Turns: 2693, Time: 00:07:07

Health: -12/48     AC:  7    Str: 14    XL:     5   Next: 49%
Magic:  5/5        EV: 10    Int: 10    God:
Gold:   112        SH:  0    Dex: 17    Spells: 0 memorised, 4 levels left

rFire  . . .     SeeInvis .     e - +1 dagger
rCold  . . .     Gourm    .     g - +0 scale mail
rNeg   . . .     Faith    .     (no shield)
rPois  .         Spirit   .     (no helmet)
rElec  .         Dismiss  .     (no cloak)
rCorr  .         Reflect  .     (no gloves)
SustAt +         Harm     .     (no boots)
MR     .....                    m - amulet of magic regeneration
Stlth  +.........               j - ring of sustain attributes
                                d - +3 ring of dexterity

@: not resistant to hostile enchantments, very unstealthy
A: no striking features
a: no special abilities


You were on level 4 of the Dungeon.
You were not hungry.

You visited 1 branch of the dungeon, and saw 4 of its levels.

You collected 112 gold pieces.

Inventory:

Hand Weapons
 e - a +1 dagger (weapon)
Armour
 g - a +0 scale mail (worn)
Jewellery
 d - a +3 ring of dexterity (left hand)
 j - a ring of sustain attributes (right hand)
 m - an amulet of magic regeneration (around neck)
Scrolls
 c - 3 scrolls of remove curse
Potions
 a - a potion of flight
 k - 2 potions of haste
Comestibles
 b - 3 bread rations
 i - a meat ration
 l - a beef jerky


   Skills:
 + Level 5.0 Fighting
 * Level 4.4 Armour
 - Level 2.4 Dodging
 - Level 1.5 Stealth
 - Level 4.3 Unarmed Combat


You had 4 spell levels left.
You didn't know any spells.

Dungeon Overview and Level Annotations

Branches:
Dungeon (4/15)
 Temple: D:4-7

Altars:
Okawaru


Message History

The ogre is lightly wounded.
The ogre hits you with a giant club.
You hit the ogre but do no damage.
The ogre is lightly wounded.
The ogre hits you with a giant club!
* * * LOW HITPOINT WARNING * * *
You are too injured to fight recklessly!
You hit the ogre but do no damage. You punch the ogre.
The ogre is lightly wounded.
You hit the ogre.
The ogre is moderately wounded.
The ogre closely misses you.
All of the chunks of flesh in your inventory have rotted away.
You hit the ogre.
The ogre is heavily wounded.
The ogre hits you but does no damage.
You hit the ogre.
The ogre is heavily wounded.
The ogre hits you with a giant club!
You die...

#... #...# #...+ #...#
#...# #...##### +.......#
#...@O..#....#
#...##..#....#
#...#####....#
#.......#....#
#.......#....#
#...##..#...(#
#...##..#....# #####
#.......'....# #....
#.......#....# #....
#.....#...##..#....# #....
#.....#...#####....####....


You could see an ogre.

Vanquished Creatures
  An ogre (D:4)
  Jessica (D:3)
  A worker ant (D:4)
  An adder (D:2)
  A worm (D:2)
  A giant gecko (D:2)
  An orc (D:3)
  A giant cockroach (D:2)
  4 goblins
  3 hobgoblins
  3 jackals (D:2)
  3 bats
  A giant newt (D:2)
  3 kobolds
  A rat (D:1)
26 creatures vanquished.

Notes
Turn   | Place    | Note
--------------------------------------------------------------
     0 | D:1      | FIQ the Hill Orc Monk began the quest for the Orb.
     0 | D:1      | Reached XP level 1. HP: 19/19 MP: 1/1
   147 | D:1      | Reached skill level 1 in Armour
   286 | D:2      | Reached XP level 2. HP: 14/27 MP: 2/2
  1471 | D:2      | Reached XP level 3. HP: 22/33 MP: 3/3
  1867 | D:3      | Found a faded altar to an unknown god.
  2009 | D:3      | Noticed Jessica
  2047 | D:3      | Killed Jessica
  2047 | D:3      | Reached XP level 4. HP: 16/41 MP: 4/4
  2452 | D:4      | Found an iron altar of Okawaru.
  2636 | D:4      | Noticed an ogre
  2649 | D:4      | Killed an ogre
  2649 | D:4      | Reached skill level 5 in Fighting
  2649 | D:4      | Reached XP level 5. HP: 32/48 MP: 5/5
  2684 | D:4      | Noticed an ogre
  2689 | D:4      | HP: 2/48 [ogre/giant club (15)]
  2693 | D:4      | Mangled by an ogre

Vault maps used:
D:1:      lemuel_arrival_funnel
D:3:      first_bread, ecumenical_altar_2, uniq_jessica
D:4:      nicolae_overflow_hidden_temple, portal_sewer_entry_e

Action                   |  1- 3 |  4- 6 || total
-------------------------+-------+-------++-------
Melee: Unarmed           |    42 |       ||    42
       Dagger            |   156 |    43 ||   199
  Use: Scroll            |     3 |     3 ||     6
       Potion            |     2 |     2 ||     4
 Stab: Sleeping          |     1 |       ||     1
  Eat: Chunk             |     2 |       ||     2
       Meat ration       |       |     1 ||     1
